 Dungeon Crawl Stone Soup version 0.30.1-11-g7821555f0a (webtiles) character file.

Game seed: 1775926604843049810

47362 duchin the Grappler (level 14, -11/133 HPs)
             Began as a Ghoul Fighter on Dec 3, 2023.
             Was a High Priest of Makhleb.
             Mangled by a death yak (17 damage)
             ... on level 3 of the Lair of Beasts.
             The game lasted 00:49:30 (17244 turns).

duchin the Grappler (Ghoul Fighter)                Turns: 17244, Time: 00:49:30

Health: -11/133    AC: 18    Str: 25    XL:     14   Next: 41%
Magic:  20/20      EV:  9    Int:  3    God:    Makhleb [*****.]
Gold:   482        SH: 11    Dex: 14    Spells: 13/13 levels left

rFire   + +          .
                       - Unarmed
rCold   + + .        w - +0 kite shield
rNeg    + + +        G - +1 chain mail "Xytsawik" {rElec}
rPois   ∞            k - +2 helmet
rElec   +            l - scarf {rC+ rF+}
rCorr   .            (no gloves)
SInv    .            c - +1 pair of boots
Will    +....        (no amulet) Stlth
                     h - ring of protection from fire
HPRegen 0.00/turn    E - +6 ring of dexterity
MPRegen 0.17/turn

%: no passive effects
@: inhibited regen
A: claws 1, cold resistance 1, negative energy resistance 3, inhibited
regeneration, torment resistance 2, devour on kill
a: Renounce Religion, Minor Destruction, Lesser Servant of Makhleb, Major
Destruction, Greater Servant of Makhleb


You were on level 3 of the Lair of Beasts.
You worshipped Makhleb.
Makhleb was extremely pleased with you.
You visited 3 branches of the dungeon, and saw 17 of its levels.
You visited the Abyss 1 time.
You also visited: Sewer and Bailey.

You collected 834 gold pieces.
You spent 352 gold pieces at shops.

Inventory:

Missiles
 u - 6 curare-tipped darts
 B - a throwing net
Armour
 c - a +1 pair of boots (worn)
 g - a +1 cloak
 j - a +3 plate armour
 k - a +2 helmet (worn)
 l - a scarf of resistance (worn)
 w - a +0 kite shield (worn)
 G - the +1 chain mail "Xytsawik" (worn) {rElec}
   (You found it on level 1 of the Lair of Beasts)

   rElec:     It insulates you from electricity.
Jewellery
 h - a ring of protection from fire (left claw)
 t - a ring of see invisible
 E - a +6 ring of dexterity (right claw)
Wands
 a - a wand of roots (31)
 m - a wand of digging (13)
 x - a wand of flame (9)
 A - a wand of polymorph (6)
 C - a wand of paralysis (7)
Scrolls
 e - a scroll of magic mapping
 f - 3 scrolls of fear
 n - 5 scrolls of teleportation
 q - 3 scrolls of amnesia
 r - 2 scrolls of fog
 v - 2 scrolls of identify
 y - 2 scrolls of blinking
 z - 3 scrolls of poison
Potions
 b - a potion of heal wounds
 d - 7 potions of haste
 i - a potion of ambrosia
 o - 2 potions of brilliance
 p - 2 potions of resistance
 s - a potion of cancellation
 D - a potion of attraction
 F - a potion of magic
 H - 2 potions of curing


   Skills:
 + Level 14.5 Fighting
 + Level 9.8 Armour
 + Level 3.5 Dodging
 + Level 8.3 Shields
 + Level 14.6 Unarmed Combat
 + Level 9.3 Invocations


You had 13 spell levels left.
You didn't know any spells.
Your spell library contained the following spells:

 Spells                   Type           Power      Damage    Failure   Level
 Kiss of Death            Conj/Necr      0%         2d5       99%         1
 Magic Dart               Conj           0%         1d3       99%         1
 Blink                    Tloc           0%         N/A       100%        2
 Call Imp                 Summ           0%         N/A       100%        2
 Cigotuvi's Dreadful Rot  Necr/Pois/Air  0%         N/A       100%        2
 Ensorcelled Hibernation  Hex/Ice        0%         N/A       100%        2
 Lesser Beckoning         Tloc           0%         N/A       100%        2
 Momentum Strike          Conj/Tloc      0%         3d8       100%        2
 Passwall                 Tmut/Erth      0%         N/A       100%        2
 Confusing Touch          Hex            0%         N/A       100%        3
 Dazzling Flash           Conj/Hex       0%         N/A       100%        3
 Mephitic Cloud           Conj/Pois/Air  0%         N/A       100%        3
 Swiftness                Air            0%         N/A       100%        3
 Volatile Blastmotes      Fire/Tloc      0%         2d10      100%        3
 Dispel Undead            Necr           0%         3d6       100%        4
 Iskenderun's Mystic Bla  Conj/Tloc      0%         2d3       100%        4
 Death Channel            Necr           0%         N/A       100%        6
 Starburst                Conj/Fire      0%         6d3       100%        6
 Summon Hydra             Summ           0%         N/A       100%        7
 Sublimation of Blood     Necr           Unusable   N/A       N/A         2
 Wereblood                Tmut           Unusable   N/A       N/A         2

Dungeon Overview and Level Annotations

Branches:
Dungeon (12/15)            Temple (1/1) D:4            Lair (4/5) D:9
 Shoals (0/4) Lair:2        Snake (0/4) Lair:2          Orc (0/2) D:11
  Sewer (visited)          Bailey (visited)
  Slime: Lair:4-5

Altars:
Ashenzari
Cheibriados
Dithmenos
Fedhas
Gozag
Hepliaklqana
Makhleb
Nemelex Xobeh
Okawaru
Qazlal
Ru
Uskayaw
Vehumet
Xom
Yredelemnul

Shops:
D:10 *


Innate Abilities, Weirdness & Mutations

You are immune to poison.
You have sharp fingernails.
Your flesh is cold resistant. (rC+)
You are immune to negative energy. (rN+++)
You do not regenerate when monsters are visible.
You are immune to unholy pain and torment.
You thrive by killing the living.


Message History

You claw the death yak!
The death yak is severely wounded.
You hear a bellow!
You scratch the death yak.
The death yak is almost dead.
The death yak barely misses you. You block the death yak's attack. x2
A bullfrog comes into view.
You scratch the death yak but do no damage.
The death yak is almost dead.
The bullfrog snags a nearby mosquito with its tongue.
A yak comes into view.
The death yak gores you!
The death yak gores you but does no damage.
The death yak barely misses you.
You are too injured to fight recklessly!
You are too injured to fight recklessly!
You are too injured to fight recklessly!
You are too injured to fight recklessly!
You are too injured to fight recklessly!
You are too injured to fight recklessly!
You are too injured to fight recklessly!
The yak bellows!
The death yak gores you! You block the death yak's attack.
The death yak closely misses you.
You climb upwards.
There is a stone staircase leading down here.
The death yak attacks as you move away! The death yak gores you!
* * * LOW HITPOINT WARNING * * *
The death yak attacks as you move away! The death yak barely misses you.
The death yak gores you!
* * * LOW HITPOINT WARNING * * *
You feel much better. You block the death yak's attack.
You barely miss the death yak. The death yak gores you!
* * * LOW HITPOINT WARNING * * *
You barely miss the death yak. The death yak gores you!
* * * LOW HITPOINT WARNING * * *
You scratch the death yak.
The death yak is lightly wounded.
The death yak gores you!
You die...

.............................#..#
..#....................#........#
#†##...................#.........
#†###....#.#..##....####.#...#..#
...##.....#######....# #.....#..#
..###....#.....##...## #........#
..# #...##....>##...# #.#......#
#####...##....YY#...# ##.........
####....##.#.#.#@...# #......#..#
.#.#P...##.P..+#....# ##...#.#..#
.........P.P........####.....#..#
.............................#..#
.......................#...#.#..P
...............................P.
.......................#........#
##........##.#.###.....#...#....#
##.......####.# #....##...?.#..#


You could see 2 death yaks.

Vanquished Creatures
  2 vault guards (Bailey)
  A rakshasa (Abyss:1)
  4 death yaks
  Sonja (Lair:2)
  3 skeletal warriors (D:12)
  A skyshark (Lair:3)
  A large abomination (D:9)
  Pikel (D:6)
  A deep elf pyromancer (D:11)
  An ugly thing (D:12)
  3 cyclopes
  3 black mambas
  3 merfolk sirens (Lair:2)
  5 elephants (Lair:3)
  A torpor snail (Lair:1)
  6 cane toads
  A smoke demon (Abyss:1)
  A gargoyle (D:11)
  Maggie (D:8)
  A kobold demonologist (D:12)
  A rime drake (Lair:3)
  3 komodo dragons
  An ancient zyme (D:9)
  2 trolls (D:11)
  A merfolk (Lair:2)
  A silent spectre (Abyss:1)
  2 polar bears
  Prince Ribbit (Bailey)
  2 hornets
  A tyrant leech (Lair:1)
  6 blink frogs
  3 slime creatures (D:12)
  2 wraiths
  33 yaks
  7 humans (Bailey)
  2 wyverns
  4 fire bats (Abyss:1)
  3 steam dragons
  2 basilisks (Lair:2)
  A neqoxec (Abyss:1)
  Menkaure (D:6)
  2 swamp worms (Lair:1)
  4 nagas (Lair:2)
  An acid dragon (D:10)
  6 water moccasins
  7 orc warriors
  7 wolves
  8 centaurs
  2 phantoms (D:6)
  4 kobold brigands
  25 bullfrogs
  2 small abominations (Abyss:1)
  3 scorpions
  2 gnoll sergeants
  10 wights (D:10)
  4 killer bees (D:7)
  9 howler monkeys
  5 electric eels (D:9)
  A lava snake (D:7)
  A crimson imp (Abyss:1)
  A quasit (Abyss:1)
  3 orc priests
  4 hounds
  Crazy Yiuf (D:6)
  A gnoll bouda (D:4)
  4 iguanas
  7 orc wizards
  16 gnolls
  5 adders
  A shadow imp (D:8)
  3 white imps
  3 ufetubi
  A worm (D:2)
  41 orcs
  9 bats
  9 endoplasms
  7 giant cockroaches
  18 goblins
  8 hobgoblins
  28 kobolds
  12 quokkas
  6 ball pythons
  2 frilled lizards
  8 rats
421 creatures vanquished.

Vanquished Creatures (collateral kills)
  A large abomination (Abyss:1)
  3 small abominations (Abyss:1)
  An orc wizard (D:12)
  An orc (D:12)
6 creatures vanquished.

Vanquished Creatures (others)
  A gnoll (D:9)
  2 orcs (D:9)
3 creatures vanquished.

Grand Total: 430 creatures vanquished

Notes
Turn   | Place    | Note
-------+----------+-------------------------------------------
     0 | D:1      | duchin the Ghoul Fighter began the quest for the Orb.
     0 | D:1      | Reached XP level 1. HP: 19/19 MP: 0/0
    67 | D:1      | Reached XP level 2. HP: 26/26 MP: 1/1
   246 | D:1      | Reached XP level 3. HP: 33/33 MP: 2/2
  1275 | D:2      | Found a faded altar of an unknown god.
  1410 | D:2      | Reached XP level 4. HP: 28/41 MP: 3/3
  2545 | D:4      | Found a staircase to the Ecumenical Temple.
  2561 | D:4      | Reached XP level 5. HP: 37/47 MP: 4/4
  2576 | Temple   | Entered the Ecumenical Temple
  2627 | Temple   | Became a worshipper of Makhleb the Destroyer
  2716 | D:4      | Reached skill level 5 in Fighting
  3102 | D:4      | Reached XP level 6. HP: 54/56 MP: 5/5
  3373 | D:4      | Noticed an orc warrior
  3398 | D:4      | Killed an orc warrior
  3399 | D:4      | Reached XP level 7. HP: 47/64 MP: 6/6
  3459 | D:4      | You fall into a shaft and drop 1 floor!
  3459 | D:5      | Entered Level 5 of the Dungeon
  3613 | D:5      | Reached skill level 5 in Unarmed Combat
  4365 | D:6      | Reached XP level 8. HP: 59/73 MP: 7/7
  4430 | D:6      | Noticed Pikel
  4456 | D:6      | Killed Pikel
  4456 | D:6      | Reached * piety under Makhleb
  4457 | D:6      | Reached skill level 5 in Armour
  4692 | D:6      | Found a runed translucent door.
  4693 | D:6      | Noticed Crazy Yiuf
  4720 | D:6      | Noticed Menkaure
  4733 | D:6      | Killed Menkaure
  4946 | D:6      | Reached XP level 9. HP: 78/83 MP: 8/8
  5002 | D:6      | Found a glowing drain.
  5023 | Sewer    | Entered a sewer
  5163 | Sewer    | Reached ** piety under Makhleb
  5604 | D:6      | Killed Crazy Yiuf
  5887 | D:7      | Reached skill level 10 in Fighting
  6896 | D:8      | Found a flagged portal.
  6899 | D:8      | Noticed Maggie
  6941 | D:8      | Killed Maggie
  6941 | D:8      | Reached *** piety under Makhleb
  6962 | Bailey   | Entered a bailey
  7025 | Bailey   | Reached XP level 10. HP: 94/94 MP: 9/9
  7270 | Bailey   | Noticed a vault guard
  7274 | Bailey   | Noticed Prince Ribbit
  7305 | Bailey   | Killed a vault guard
  7374 | Bailey   | Killed Prince Ribbit
  7375 | Bailey   | Reached skill level 5 in Shields
  7467 | Bailey   | Noticed a vault guard
  7488 | Bailey   | Killed a vault guard
  8194 | D:9      | Found a staircase to the Lair.
  8294 | D:9      | Reached XP level 11. HP: 105/105 MP: 10/10
  8953 | Abyss:1  | Cast into level 1 of the Abyss (orc warrior)
  8960 | Abyss:1  | Found a corrupted altar of Lugonu.
  8977 | Abyss:1  | Found a corrupted altar of Lugonu.
  9008 | Abyss:1  | Reached **** piety under Makhleb
  9156 | Abyss:1  | Noticed a rakshasa
  9196 | Abyss:1  | Killed a rakshasa
  9339 | Abyss:1  | Reached skill level 1 in Invocations
  9444 | Abyss:1  | Noticed a large abomination
  9456 | Abyss:1  | Killed a large abomination
  9534 | Abyss:1  | Noticed a large abomination
  9546 | D:9      | Escaped the Abyss
  9686 | D:9      | Reached skill level 5 in Invocations
  9949 | D:9      | Killed a large abomination
 10298 | D:10     | Entered Level 10 of the Dungeon
 10557 | D:10     | Found Miora's Neck Hole.
 10565 | D:10     | Bought a scarf of resistance for 352 gold pieces
 10951 | D:10     | Reached XP level 12. HP: 115/115 MP: 16/16
 11022 | D:10     | Reached XP level 13. HP: 122/122 MP: 17/17
 11730 | D:11     | Found a staircase to the Orcish Mines.
 11816 | D:11     | Identified the +0 pair of gloves "Bonu" {rC+ rN+ Int-3}
 12298 | D:12     | Identified the +2 pair of boots of Death's Door {Regen+
                  | Int+2 Dex-4}
 12983 | D:12     | Identified the +0 robe "Veko" {rPois Str+2}
 13271 | Lair:1   | Entered Level 1 of the Lair of Beasts
 13488 | Lair:1   | Identified the +1 chain mail "Xytsawik" {rElec}
 14516 | Lair:2   | Found a staircase to the Snake Pit.
 14537 | Lair:2   | Reached skill level 1 in Dodging
 14547 | Lair:2   | Reached ***** piety under Makhleb
 15312 | Lair:2   | Reached XP level 14. HP: 119/132 MP: 19/19
 15467 | Lair:2   | Found a staircase to the Shoals.
 15606 | Lair:2   | Noticed Sonja
 15625 | Lair:2   | Killed Sonja
 17243 | Lair:3   | HP: 6/133 [death yak (16)]
 17244 | Lair:3   | Mangled by a death yak

Illustrated notes

Levels and vault maps discovered:
D:1:      dpeg_arrival_connections, layout_loops_ring
D:2:      layout_basic, hellmonk_ecumenical_altar_zigzags, st_stairs_8,
          roderic_roman_lattice, chequers_serial_rivers_large_a
D:3:      layout_loops_ring, serial_forest, infiniplex_forest_straight_2,
          infiniplex_forest_lined_room_2, infiniplex_forest_corner_1,
          infiniplex_forest_clump_curved, infiniplex_forest_lined_room_,
          infiniplex_forest_zigzag_1, infiniplex_forest_clump_long,
          infiniplex_forest_clump_tiny, infiniplex_forest_clump_large,
          item_on_display_a
D:4:      layout_gridville, minmay_temple_entry_gardened_gates
D:5:      layout_basic
D:6:      layout_cave_pools, portal_sewer_entry_f, uniq_crazy_yiuf_cottage,
          uniq_pikel, uniq_menkaure
D:7:      layout_loops_ring, kennysheep_cross_room
D:8:      layout_loops_ring, nicolae_tso_carved_into_rock, enter_bailey_5,
          uniq_maggie
D:9:      layout_basic, dpeg_oklobed_lair, special_room [special_room_orc],
          fungi_pond_lemuel, lemuel_flamethrower_1
D:10:     layout_basic, nicolae_shop_sticking_my_neck_out
D:11:     layout_basic, orc_0_dummy
D:12:     layout_irregular_city
Temple:   grunt_wide_crystal_templ
Lair:1:   layout_gridlike, worms_lemuel
Lair:2:   layout_chaotic_city, elwin_shoals_entry_stream,
          minmay_snake_entry_guardpost_medium,
          grunt_forest_small_clearing_treed, serial_bayou_shore_b, uniq_sonja
Lair:3:   layout_regular_city, grunt_forest_small_clearings, st_stairs_4,
          columned_hall_lemuel, eino_small_chamber_without_monster
Lair:4:   gammafunk_cloud_chamber, layout_gridlike, grunt_megastairs_5,
          uniq_urug

Skill      XL: |  1  2  3  4  5  6  7  8  9 10 11 12 13 14 |
---------------+-------------------------------------------+-----
Unarmed Combat | 3 4 5 6 7 9 13 14 | 14.6
Fighting       | 4 5 6 7 9 10 12 13 14 | 14.5
Armour         | 3 4 5 6 7 8 9 |  9.8
Shields        | 4 5 6 7 8 |  8.3
Invocations    | 6 8 9 |  9.3
Dodging        | 1 3 |  3.5

Action                     |  1- 3 |  4- 6 |  7- 9 | 10-12 | 13-15 || total
---------------------------+-------+-------+-------+-------+-------++-------
  Melee: Unarmed           |   144 |   154 |   448 |   427 |   714 ||  1887
 Invoke: Minor Destruction |       |       |       |    54 |       ||    54
         Lesser Servant of |       |       |       |     7 |     1 ||     8
  Evoke: Wand              |       |       |       |       |     1 ||     1
    Use: Scroll            |     3 |     8 |     8 |     7 |     7 ||    33
         Potion            |       |     1 |     4 |     8 |     5 ||    18
 Armour: Scale mail        |    35 |       |       |       |       ||    35
         Plate armour      |    31 |   111 |   407 |   355 |   204 ||  1108
         Chain mail        |       |       |       |       |   174 ||   174
  Dodge: Dodged            |    48 |    46 |   117 |   109 |   175 ||   495
  Block: Buckler           |    13 |    25 |    64 |       |       ||   102
         Kite shield       |       |       |    67 |   223 |   353 ||   643
